 Dungeon Sprint DCSS version 0.28.0-53-g5a82cb258f (webtiles) character file.

Game seed: 7163938076394586060

214 Zeld the Thaumaturge (level 5, -1/28 HPs)
             Began as a Deep Elf Conjurer on May 29, 2022.
             Was a Follower of Sif Muna.
             Succumbed to a queen bee's poison
             ... in the Dungeon (Sprint IV: "Fedhas' Mad Dash").
             The game lasted 00:01:25 (788 turns).

Zeld the Thaumaturge (Deep Elf Conjurer)             Turns: 788, Time: 00:01:25

Health: -1/28      AC:  2    Str:  4    XL:     5   Next: 60%
Magic:  1/19       EV: 13    Int: 25    God:    Sif Muna [*.....]
Gold:   75         SH:  0    Dex: 13    Spells: 10/24 levels left

rFire   . . .      SeeInvis .   (no weapon)
rCold   . . .      Faith    .   (no shield)
rNeg    . . .      Spirit   .   a - +0 robe
rPois   .          Reflect  .   (no helmet)
rElec   .          Harm     .   (no cloak)
rCorr   .          Rampage  .   (no gloves)
Will    .....      NoTele   +   (no boots)
Stlth   ++........              i - amulet of invisibility {+Inv}
HPRegen 0.09/turn               (no ring)
MPRegen 0.16/turn               (no ring)

@: lethally poisoned (-1 -> -13), very slightly contaminated
A: no striking features
a: Renounce Religion, Evoke Invisibility, Channel Magic


You were in the Dungeon.
You worshipped Sif Muna.
Sif Muna was aware of your devotion.
You visited 1 branch You collected 75 gold pieces.

Inventory:

Armour
 a - a +0 robe (worn)
Jewellery
 i - the amulet of invisibility (around neck) {+Inv}
   (You found it in the Dungeon)

   [amulet of nothing]

   +Inv:      It lets you turn invisible.
Scrolls
 g - a scroll of blinking
Potions
 d - a potion of haste
 e - 2 potions of magic
 f - a potion of berserk rage
 h - a potion of brilliance {unknown}


   Skills:
 + Level 3.5 Dodging
 + Level 3.8 Stealth
 * Level 10.4 Spellcasting
 * Level 9.6 Conjurations
 - Level 2.0 Hexes
 - Level 2.0 Translocations


You had 10 spell levels left.
You knew the following spells:

 Your Spells              Type           Power      Damage    Failure   Level
a - Magic Dart            Conj           100%       1d8       1%          1
b - Searing Ray           Conj           100%       2d8       1%          2
c - Fulminant Prism       Conj/Hex       21%        3d13      4%          4
d - Iskenderun's Mystic   Conj/Tloc      42%        2d10      4%          4
z - Dazzling Flash        Conj/Hex       84%        N/A       1%          3

Your spell library contained the following spells:

 Spells                   Type           Power      Damage    Failure   Level


Dungeon Overview and Level Annotations

Branches:
Dungeon (1/1)

Altars:
Cheibriados
Dithmenos
Elyvilon
Gozag
Hepliaklqana
Kikubaaqudgha
Makhleb
Nemelex Xobeh
Okawaru
Qazlal
Ru
Sif Muna
Trog
Uskayaw
Vehumet
Wu Jian
Xom
Yredelemnul
Zin
The Shining One
Beogh
Jiyva
Lugonu


Message History

Casting: Iskenderun's Mystic Blast (quite dangerous; 4% risk of failure)
Confirm with . or Enter, or press ? or * to list all spells.
The spell is quite dangerous to miscast (4% risk of failure)!
Continue anyway?
You miscast Iskenderun's Mystic Blast.
Nothing appears to happen.
* * * LOW HITPOINT WARNING * * *
You feel very sick. The queen bee misses you.
Unknown command.
You feel much better.
You feel sick. The queen bee barely misses you.
Casting: Iskenderun's Mystic Blast (quite dangerous; 4% risk of failure)
Confirm with . or Enter, or press ? or * to list all spells.
Aiming: Searing Ray (safe; 1% risk of failure)
Press: ? - help, Shift-Dir - straight line The searing ray hits the queen bee but does no damage.
The queen bee is moderately wounded. (Press . to maintain the ray.)
You feel sick. The queen bee closely misses you.
Unknown command.
The searing ray hits the queen bee.
The queen bee is heavily wounded.
You feel sick. The queen bee stings you!
Unknown command.
Unknown command.
You feel better. The queen bee barely misses you.
You closely miss the queen bee.
The queen bee is heavily wounded.
The queen bee closely misses you.
You fail to use your ability.
The queen bee stings you!
You are lethally poisoned!
The queen bee poisons you!
You fail to use your ability.
You feel very sick. The queen bee closely misses you.
You fail to use your ability.
* * * LOW HITPOINT WARNING * * *
You feel very sick. The queen bee stings you.
* * * LOW HITPOINT WARNING * * *
Unknown command.
You die...

##############################
#<..P#.....#.....#.⌠._._._._.⌠
#PP..÷.)...'.#...'.._._._._._.
#PPPP#.....#.#...#..._._._._..
###############@##.._._._._._.
♣........y...#._._._._._.⌠
..y...♣.....#...#############
y....♣..♣..###### #+## #+#####


You could see a queen bee.

Vanquished Creatures
  A scorpion (D)
  A killer bee (D)
  3 oklob saplings (D)
  A river rat (D)
  A rat (D)
7 creatures vanquished.

Notes
Turn   | Place    | Note
-------+----------+-------------------------------------------
     0 | D        | Zeld the Deep Elf Conjurer began the quest for the Orb.
     0 | D        | Reached XP level 1. HP: 10/10 MP: 6/6
    10 | D        | Reached skill level 4 in Spellcasting
    10 | D        | Reached skill level 5 in Conjurations
    10 | D        | Reached XP level 2. HP: 15/15 MP: 1/9
    16 | D        | Learned a level 2 spell: Searing Ray
   193 | D        | Noticed an oklob sapling
   195 | D        | Noticed a scorpion
   202 | D        | Killed a scorpion
   203 | D        | Reached skill level 7 in Spellcasting
   203 | D        | Reached XP level 3. HP: 17/19 MP: 5/14
   207 | D        | Learned a level 3 spell: Dazzling Flash
   368 | D        | Killed an oklob sapling
   369 | D        | Reached skill level 8 in Spellcasting
   369 | D        | Reached skill level 1 in Hexes
   369 | D        | Reached XP level 4. HP: 24/24 MP: 12/16
   373 | D        | Found the amulet of invisibility {+Inv}
   386 | D        | Learned a level 4 spell: Fulminant Prism
   391 | D        | Learned a level 4 spell: Iskenderun's Mystic Blast
   599 | D        | Found an opulent altar of Gozag.
   599 | D        | Found a hazy altar of Hepliaklqana.
   599 | D        | Found a burning altar of Makhleb.
   599 | D        | Found a sparkling altar of Nemelex Xobeh.
   599 | D        | Found a snail-covered altar of Cheibriados.
   599 | D        | Found a sacrificial altar of Ru.
   599 | D        | Found a shimmering blue altar of Sif Muna.
   599 | D        | Found a shimmering altar of Xom.
   599 | D        | Found a basalt altar of Yredelemnul.
   601 | D        | Found a viscous altar of Jiyva.
   601 | D        | Found a bloodstained altar of Trog.
   601 | D        | Found an ornate altar of the Wu Jian Council.
   602 | D        | Found an iron altar of Okawaru.
   602 | D        | Found a shadowy altar of Dithmenos.
   602 | D        | Found a glowing silver altar of Zin.
   603 | D        | Found a hide-covered altar of Uskayaw.
   603 | D        | Found an ancient bone altar of Kikubaaqudgha.
   604 | D        | Found a stormy altar of Qazlal.
   604 | D        | Found a glowing golden altar of the Shining One.
   604 | D        | Found a white marble altar of Elyvilon.
   605 | D        | Found a radiant altar of Vehumet.
   605 | D        | Found a corrupted altar of Lugonu.
   607 | D        | Became a worshipper of Sif Muna the Loreminder
   630 | D        | Reached skill level 9 in Spellcasting
   630 | D        | Reached XP level 5. HP: 28/28 MP: 7/18
   748 | D        | Noticed a queen bee
   757 | D        | Reached * piety under Sif Muna
   758 | D        | Reached skill level 10 in Spellcasting
   788 | D        | Succumbed to a queen bee's poison

Illustrated notes

Levels and vault maps discovered:
D:        dungeon_sprint_fedhas [sprint_temple]

Skill      XL: |  1  2  3  4  5 |
---------------+----------------+-----
Spellcasting   | 4 7 8 9 10 | 10.4
Conjurations   | 5 7 8 9 |  9.6
Hexes          | 1 2 |  2.0
Translocations | 2 |  2.0
Stealth        | 3 |  3.8
Dodging        | 3 |  3.5

Action                   |  1- 3 |  4- 6 || total
-------------------------+-------+-------++-------
Melee: Unarmed           |       |     2 ||     2
 Cast: Magic Dart        |     6 |       ||     6
       Searing Ray       |     2 |     6 ||     8
       Iskenderun's Myst |       |     2 ||     2
 Abil: Evoke Invisibilit |       |     3 ||     3
  Use: Potion            |       |     2 ||     2
Armor: Robe              |     1 |     2 ||     3
Dodge: Dodged            |     1 |     6 ||     7
